[Event "Fagernes GM Open Autumn 2024"]
[Site "Fagernes"]
[Date "2024.10.11"]
[Round "7.20"]
[White "Aamodt, Peder Marcus"]
[Black "Skotheim, Andreas"]
[Result "1/2-1/2"]
[ECO "C79"]
[WhiteElo "2126"]
[BlackElo "2234"]
[Annotator "RC"]
[PlyCount "33"]
[EventDate "2024.10.03"]
[EventType "swiss"]
[EventCountry "NOR"]
[SourceTitle "playchess.com"]
[Source "ChessBase"]
[SourceQuality "1"]
[TimeControl "40/6000:2400+30"]

1. e4 e5 2. Nf3 Nc6 3. Bb5 a6 4. Ba4 Nf6 5. O-O d6 6. Re1 Bd7 7. Bxc6 Bxc6 8. d4 Be7 9. Nc3 exd4 10. Nxd4 O-O 11. Nxc6 bxc6 12. f4 Re8 13. Be3 Bf8 14. Qf3 Qb8 15. Rab1 c5 16. Bf2 Qb7 17. e5 1/2-1/2

[Event "Fagernes GM Open Autumn 2024"]
[Site "Fagernes"]
[Date "2024.10.11"]
[Round "7.21"]
[White "Welling, Gerard"]
[Black "Southcott-Moyers, Indy"]
[Result "1/2-1/2"]
[ECO "D05"]
[WhiteElo "2206"]
[BlackElo "2143"]
[Annotator "RC"]
[PlyCount "61"]
[EventDate "2024.10.03"]
[EventType "swiss"]
[EventCountry "NOR"]
[SourceTitle "playchess.com"]
[Source "ChessBase"]
[SourceQuality "1"]
[TimeControl "40/6000:2400+30"]

1. Nf3 d5 2. e3 Nf6 3. d4 c5 4. c3 Nbd7 5. Nbd2 g6 6. Be2 Bg7 7. O-O O-O 8. b3 b6 9. Bb2 Bb7 10. Rc1 Ne4 11. c4 cxd4 12. Bxd4 Nxd2 13. Qxd2 e5 14. Bb2 dxc4 15. Bxc4 Bxf3 16. gxf3 Qg5+ 17. Kh1 Rad8 18. Qe2 Qe7 19. Bb5 Nc5 20. Ba3 e4 21. Bxc5 bxc5 22. Rfd1 exf3 23. Qxf3 Rxd1+ 24. Rxd1 Rd8 25. Rxd8+ Qxd8 26. Bc4 Qc7 27. Kg2 Bf8 28. h3 Kg7 29. a4 a5 30. Qd5 Bd6 31. Kf1 1/2-1/2

[Event "Fagernes GM Open Autumn 2024"]
[Site "Fagernes"]
[Date "2024.10.11"]
[Round "7.22"]
[White "Harish, Neeraj"]
[Black "Westrum, Kim Roger Hansen"]
[Result "1/2-1/2"]
[ECO "C54"]
[WhiteElo "2024"]
[BlackElo "2205"]
[Annotator "RC"]
[PlyCount "75"]
[EventDate "2024.10.03"]
[EventType "swiss"]
[EventCountry "NOR"]
[SourceTitle "playchess.com"]
[Source "ChessBase"]
[SourceQuality "1"]
[TimeControl "40/6000:2400+30"]

1. e4 e5 2. Nf3 Nc6 3. Bc4 Nf6 4. d3 Bc5 5. O-O d6 6. c3 h6 7. Re1 O-O 8. h3 a5 9. d4 Bb6 10. Bb3 Re8 11. Bc2 exd4 12. cxd4 Nb4 13. Nc3 Nxc2 14. Qxc2 c6 15. Bf4 Be6 16. Rad1 d5 17. e5 Ne4 18. Nd2 Ng5 19. h4 Nh7 20. Nf3 Bg4 21. Bg3 Nf8 22. Qd3 Ng6 23. Ne2 Bxf3 24. Qxf3 Nxh4 25. Qg4 Ng6 26. Nf4 Nxf4 27. Bxf4 Re6 28. Re3 Rg6 29. Qh3 Qc8 30. Qxc8+ Rxc8 31. Rb3 c5 32. dxc5 Rxc5 33. Be3 Rcc6 34. Rxd5 Bxe3 35. Rxe3 Rc1+ 36. Kh2 Rc2 37. Rf3 Rxb2 38. Rxa5 1/2-1/2

[Event "Fagernes GM Open Autumn 2024"]
[Site "Fagernes"]
[Date "2024.10.11"]
[Round "7.23"]
[White "Soham Datar"]
[Black "Gaikwad, Siddhant"]
[Result "1/2-1/2"]
[ECO "C51"]
[WhiteElo "2188"]
[BlackElo "2039"]
[Annotator "RC"]
[PlyCount "49"]
[EventDate "2024.10.03"]
[EventType "swiss"]
[EventCountry "NOR"]
[SourceTitle "playchess.com"]
[Source "ChessBase"]
[SourceQuality "1"]
[TimeControl "40/6000:2400+30"]

1. e4 e5 2. Nf3 Nc6 3. Bc4 Bc5 4. b4 Bxb4 5. c3 Bd6 6. O-O Qf6 7. d4 Nge7 8. Ng5 O-O 9. f4 exf4 10. Nf3 Ng6 11. e5 Ngxe5 12. dxe5 Nxe5 13. Nxe5 Bxe5 14. Qf3 b5 15. Qxa8 Qb6+ 16. Rf2 c6 17. Bxb5 Bb7 18. Qxf8+ Kxf8 19. Bf1 f3 20. g3 Qc7 21. Be3 Bxg3 22. hxg3 Qxg3+ 23. Kh1 Qh4+ 24. Kg1 Qg3+ 25. Kh1 1/2-1/2

[Event "Fagernes GM Open Autumn 2024"]
[Site "Fagernes"]
[Date "2024.10.11"]
[Round "7.24"]
[White "Eliseev, Sergey"]
[Black "Kaewpitakkun, Pantham"]
[Result "0-1"]
[ECO "B84"]
[WhiteElo "2276"]
[BlackElo "2023"]
[Annotator "RC"]
[PlyCount "48"]
[EventDate "2024.10.03"]
[EventType "swiss"]
[EventCountry "NOR"]
[SourceTitle "playchess.com"]
[Source "ChessBase"]
[SourceQuality "1"]
[TimeControl "40/6000:2400+30"]

1. e4 c5 2. Nf3 d6 3. d4 cxd4 4. Nxd4 Nf6 5. Nc3 a6 6. Be3 e6 7. Be2 Be7 8. f4 Qc7 9. Qd3 b5 10. Bf3 Bb7 11. e5 dxe5 12. Ncxb5 axb5 13. Qxb5+ Nbd7 14. Qxb7 Qxb7 15. Bxb7 Rb8 16. fxe5 Ng4 17. Bc6 Nxe3 18. a4 Bc5 19. Nb3 Nxc2+ 20. Kd2 Nxa1 21. Bxd7+ Kxd7 22. Nxc5+ Kc6 23. Rc1 Kd5 24. b4 Rxb4 0-1

[Event "Fagernes GM Open Autumn 2024"]
[Site "Fagernes"]
[Date "2024.10.11"]
[Round "7.25"]
[White "Bjorkan, Olav"]
[Black "Nagare Akhilesh"]
[Result "0-1"]
[ECO "E90"]
[WhiteElo "2022"]
[BlackElo "2245"]
[Annotator "RC"]
[PlyCount "76"]
[EventDate "2024.10.03"]
[EventType "swiss"]
[EventCountry "NOR"]
[SourceTitle "playchess.com"]
[Source "ChessBase"]
[SourceQuality "1"]
[TimeControl "40/6000:2400+30"]

1. d4 Nf6 2. Nf3 g6 3. c4 Bg7 4. Nc3 d6 5. e4 O-O 6. h3 Nbd7 7. Be3 a5 8. g4 a4 9. g5 Nh5 10. Nxa4 c5 11. Nc3 Qa5 12. Be2 cxd4 13. Nxd4 Nc5 14. Qd2 f5 15. exf5 Bxf5 16. Nxf5 Rxf5 17. Nd5 Qd8 18. Bg4 Nb3 19. Qd1 Nxa1 20. Bxf5 gxf5 21. Qxa1 e6 22. Nb6 Ra6 23. Qd1 f4 24. Bc1 Qxg5 25. Nd7 Qg2 26. Qxh5 Qxh1+ 27. Kd2 Ra8 28. Qg4 Kh8 29. Qxe6 Qf1 30. Kc2 Qxf2+ 31. Kb1 Qd4 32. Qf5 Rd8 33. Qa5 b6 34. Nxb6 Rb8 35. Na4 Qd3+ 36. Ka1 Qc2 37. Qd2 Qxa4 38. Qxd6 Ra8 0-1

[Event "Fagernes GM Open Autumn 2024"]
[Site "Fagernes"]
[Date "2024.10.11"]
[Round "7.26"]
[White "Advaitt Srikant Koduri"]
[Black "Stromhaug, Kristoffer Wang"]
[Result "1-0"]
[ECO "D02"]
[WhiteElo "2162"]
[BlackElo "1960"]
[Annotator "RC"]
[PlyCount "73"]
[EventDate "2024.10.03"]
[EventType "swiss"]
[EventCountry "NOR"]
[SourceTitle "playchess.com"]
[Source "ChessBase"]
[SourceQuality "1"]
[TimeControl "40/6000:2400+30"]

1. d4 Nf6 2. Nf3 e6 3. Bf4 d5 4. e3 c5 5. c3 Bd6 6. Bg3 O-O 7. Nbd2 Qc7 8. dxc5 Qxc5 9. Bd3 Bxg3 10. hxg3 h6 11. Qa4 Nc6 12. Qf4 Qe7 13. Ne5 Nxe5 14. Qxe5 Nd7 15. Qh5 e5 16. O-O-O Nf6 17. Qh4 Be6 18. Kb1 Rab8 19. f3 Qc7 20. g4 e4 21. Bc2 Nh7 22. f4 f6 23. Nb3 Qc8 24. f5 Bf7 25. Nd4 b5 26. Bb3 Rd8 27. Qg3 a5 28. Ne6 Bxe6 29. fxe6 Ng5 30. Rxd5 Re8 31. Rd7 a4 32. Bd5 Rb6 33. Rd1 Kh8 34. Qf4 Nxe6 35. Bxe6 Rbxe6 36. Rc7 Qa6 37. Rdd7 1-0

[Event "Fagernes GM Open Autumn 2024"]
[Site "Fagernes"]
[Date "2024.10.11"]
[Round "7.27"]
[White "Lien, Sebastian"]
[Black "Mannion, Stephen R"]
[Result "1/2-1/2"]
[ECO "D27"]
[WhiteElo "1911"]
[BlackElo "2142"]
[Annotator "RC"]
[PlyCount "39"]
[EventDate "2024.10.03"]
[EventType "swiss"]
[EventCountry "NOR"]
[SourceTitle "playchess.com"]
[Source "ChessBase"]
[SourceQuality "1"]
[TimeControl "40/6000:2400+30"]

1. d4 d5 2. c4 dxc4 3. e3 Nf6 4. Bxc4 e6 5. Nf3 c5 6. O-O a6 7. Nbd2 cxd4 8. Nxd4 Bc5 9. N2f3 O-O 10. a3 b5 11. Ba2 Bb7 12. b4 Be7 13. Bb2 Nc6 14. Rc1 Nxd4 15. Nxd4 Qb6 16. Qe2 Rac8 17. Bb1 Rxc1 18. Rxc1 Rc8 19. Rxc8+ Bxc8 20. Nb3 1/2-1/2

[Event "Fagernes GM Open Autumn 2024"]
[Site "Fagernes"]
[Date "2024.10.11"]
[Round "7.28"]
[White "Sorgjerd, Jan"]
[Black "Kittilsen, Sigurd"]
[Result "0-1"]
[ECO "D20"]
[WhiteElo "1966"]
[BlackElo "1981"]
[Annotator "RC"]
[PlyCount "82"]
[EventDate "2024.10.03"]
[EventType "swiss"]
[EventCountry "NOR"]
[SourceTitle "playchess.com"]
[Source "ChessBase"]
[SourceQuality "1"]
[TimeControl "40/6000:2400+30"]

1. d4 d5 2. c4 dxc4 3. Nc3 a6 4. a4 e5 5. d5 Bb4 6. e4 Qh4 7. Nf3 Qxe4+ 8. Qe2 Qxe2+ 9. Bxe2 e4 10. Nd4 Nd7 11. Bxc4 Nb6 12. Bb3 Nf6 13. O-O O-O 14. Nde2 Bg4 15. f3 exf3 16. gxf3 Bh3 17. Rd1 Bc5+ 18. Kh1 Nbd7 19. Bc2 Ne5 20. Nf4 Bd7 21. Nd3 Bd6 22. Nxe5 Bxe5 23. Re1 Rfe8 24. Be4 Nxe4 25. fxe4 f5 26. Bd2 fxe4 27. Rxe4 c6 28. Rae1 Bd6 29. Rxe8+ Rxe8 30. Rxe8+ Bxe8 31. dxc6 Bxc6+ 32. Kg1 Bb4 33. Kf2 Bxa4 34. Nxa4 Bxd2 35. Nc5 b6 36. Nxa6 Bf4 37. h3 Bd6 38. Kf3 Kf7 39. Ke4 Ke6 40. b4 g5 41. b5 h5 0-1

[Event "Fagernes GM Open Autumn 2024"]
[Site "Fagernes"]
[Date "2024.10.11"]
[Round "7.29"]
[White "Simonsen, David Mindestrommen"]
[Black "Hetland, Even"]
[Result "1-0"]
[ECO "C02"]
[WhiteElo "1930"]
[BlackElo "1970"]
[Annotator "RC"]
[PlyCount "53"]
[EventDate "2024.10.03"]
[EventType "swiss"]
[EventCountry "NOR"]
[SourceTitle "playchess.com"]
[Source "ChessBase"]
[SourceQuality "1"]
[TimeControl "40/6000:2400+30"]

1. e4 e6 2. d4 d5 3. e5 c5 4. c3 Nc6 5. Nf3 Bd7 6. Be2 Nge7 7. Na3 cxd4 8. cxd4 Nf5 9. Nc2 Qb6 10. O-O Na5 11. Bd3 Bb5 12. Ne3 Nxe3 13. fxe3 Bxd3 14. Qxd3 Be7 15. Bd2 Nc6 16. h4 f6 17. exf6 gxf6 18. e4 O-O-O 19. Rae1 dxe4 20. Qxe4 Nxd4 21. Be3 Bc5 22. Rc1 Ne2+ 23. Kf2 Nxc1 24. Rxc1 Kb8 25. Rxc5 Qxb2+ 26. Rc2 Qb1 27. Rc8+ 1-0

[Event "Fagernes GM Open Autumn 2024"]
[Site "Fagernes"]
[Date "2024.10.11"]
[Round "7.30"]
[White "Juodziukynas, Aidas"]
[Black "Rustan, Elias Buschmann"]
[Result "1-0"]
[ECO "E09"]
[WhiteElo "1917"]
[BlackElo "1941"]
[Annotator "RC"]
[PlyCount "99"]
[EventDate "2024.10.03"]
[EventType "swiss"]
[EventCountry "NOR"]
[SourceTitle "playchess.com"]
[Source "ChessBase"]
[SourceQuality "1"]
[TimeControl "40/6000:2400+30"]

1. d4 Nf6 2. Nf3 e6 3. g3 b6 4. Bg2 Bb7 5. O-O Be7 6. c4 c6 7. Nbd2 d5 8. b3 O-O 9. Bb2 Nbd7 10. Qc2 Rc8 11. e4 dxe4 12. Nxe4 Nxe4 13. Qxe4 Qc7 14. Qe2 Bf6 15. Ne5 c5 16. Bxb7 Qxb7 17. Nxd7 Qxd7 18. dxc5 Bxb2 19. Qxb2 bxc5 20. Rad1 Qc7 21. Rd3 Rfd8 22. Rfd1 Rxd3 23. Rxd3 Rd8 24. Qe5 Qa5 25. Rxd8+ Qxd8 26. Qxc5 a5 27. Qc6 h5 28. h4 g5 29. hxg5 Qxg5 30. Qe8+ Kg7 31. Qb5 Qd2 32. Qxh5 Qxa2 33. Qe5+ Kg8 34. Qe3 a4 35. bxa4 Qxa4 36. Qd4 Qc6 37. Kh2 Kf8 38. c5 Qd5 39. Qxd5 exd5 40. Kg2 Ke7 41. Kf3 Ke6 42. Ke3 Ke5 43. f4+ Ke6 44. g4 Ke7 45. Kd4 Ke6 46. f5+ Kf6 47. c6 Ke7 48. Kxd5 f6 49. c7 Kd7 50. c8=Q+ 1-0

[Event "Fagernes GM Open Autumn 2024"]
[Site "Fagernes"]
[Date "2024.10.12"]
[Round "8.1"]
[White "Willow, Jonah B"]
[Black "Das, Sayantan"]
[Result "1-0"]
[ECO "B28"]
[WhiteElo "2420"]
[BlackElo "2471"]
[Annotator "TA"]
[PlyCount "85"]
[EventDate "2024.10.03"]
[EventType "swiss"]
[EventCountry "NOR"]
[SourceTitle "playchess.com"]
[Source "ChessBase"]
[SourceQuality "1"]
[TimeControl "40/6000:2400+30"]

1. e4 e6 2. d4 d5 3. e5 c5 4. c3 Bd7 5. Nf3 a6 6. Be2 Bb5 {[%emt 0:00:32] B28: Sicilian: 2 Nf3 a6 (O'Kelly Variation).} 7. Bxb5+ axb5 8. dxc5 Bxc5 9. b4 $1 Bb6 10. Na3 Ne7 11. Nxb5 O-O 12. O-O Ng6 13. Qe2 Nd7 14. Re1 $146 (14. c4 $1 $16) ({Predecessor:} 14. a4 Bc7 15. Bg5 Qb8 16. Nxc7 Qxc7 17. Rfe1 Qxc3 18. Bd2 Qc4 19. Qe3 Rfc8 20. Rec1 {1-0 Binham,T (2345)-Gavrilakis,N (2295) Olympiad-25 Luzern 1982 (4)}) 14... Bc7 $14 15. Nxc7 Qxc7 16. Bd2 Ra4 17. h4 h5 (17... Rfa8 $11 {remains equal.}) 18. Ng5 ({Better is} 18. Nd4 $1 $16) 18... Qc4 $1 $11 19. Qxh5 Qxh4 20. Qd1 Rfa8 21. c4 (21. g3 $5 Qc4 $8 22. Qh5 $11) 21... Qxc4 22. Rc1 $1 Qd4 ({Black should play} 22... Qb5 $11) 23. Rc7 $1 $14 (23. Nf3 Qg4 $17 (23... Qb6 24. Rc8+ Rxc8 25. Qxa4 $15) (23... Qb6 24. Rc8+ Rxc8 25. Qxa4 $15)) 23... Ngxe5 $2 (23... Ndxe5 24. Qh5 Qh4 (24... Qxd2 25. Qh7+ Kf8 26. Rxe5) 25. Qxh4 Nxh4 26. Rxe5 $16) (23... Ndf8 $1 $11 {and Black is okay.}) 24. Rxe5 $18 Qxe5 {[%emt 0:04:45] [#]} (24... Nxe5 25. Qxa4 Rf8 (25... Qa1+ $2 26. Bc1 $18) 26. Qc2 $18) 25. Qh5 $1 (25. Rxd7 $2 Rxa2 26. Bc1 (26. Rxf7 $2 Rxd2 $19) 26... Ra1 $19) 25... Qf5 (25... Qxc7 $2 26. Qxf7+ Kh8 27. Qh5+ (27. Qxe6 $2 Nf8 $19) 27... Kg8 28. Qh7+ (28. Nxe6 $2 Nf6 $19) 28... Kf8 29. Qh8+ (29. Nxe6+ Kf7 $18) 29... Ke7 30. Qxg7+ Kd6 31. Bf4+ Kc6 32. Qc3+ (32. Bxc7 Kxc7 33. Nxe6+ Kd6 $18) 32... Kb5 33. Qxc7 $18) 26. Rxd7 Rf8 {[%emt 0:00:00] [#]} 27. g4 $1 (27. Rxb7 f6 $11) 27... Qb1+ 28. Kh2 Qg6 29. Qxg6 (29. Rxb7 Qxh5+ 30. gxh5 Rxa2 $11) 29... fxg6 30. Bc3 Rxf2+ 31. Kg3 Rf6 32. Bxf6 (32. Rxb7 Ra3 33. Kh4 Rxc3 $19) 32... gxf6 33. Nxe6 Rxb4 34. Rg7+ Kh8 35. Rxg6 Ra4 36. Rxf6 Rxa2 37. Rf8+ Kh7 38. Rf7+ (38. g5 $142 Ra1 39. Kg4 Rg1+ 40. Kf5 Rf1+ 41. Nf4 b5 42. Rb8 Kg7 43. Rb7+ (43. Rxb5 Kf8 44. Rb7 Ke8 45. g6 Kd8 46. g7 Rg1 47. Ng6 Rf1+ 48. Ke6 Kc8) 43... Kf8 44. g6 (44. Rxb5 Ke7 $18)) 38... Kg6 $18 39. Rxb7 Kf6 40. Nf4 Kg5 41. Rg7+ Kf6 42. Rg6+ ({And not} 42. Nxd5+ Kxg7 43. Nc7 Kf6 $11) 42... Kf7 43. Rd6 1-0

[Event "Fagernes GM Open Autumn 2024"]
[Site "Fagernes"]
[Date "2024.10.12"]
[Round "8.2"]
[White "Moksh Amit Doshi"]
[Black "Jumabayev, Rinat"]
[Result "1/2-1/2"]
[ECO "E11"]
[WhiteElo "2377"]
[BlackElo "2577"]
[Annotator "TA"]
[PlyCount "31"]
[EventDate "2024.10.03"]
[EventType "swiss"]
[EventCountry "NOR"]
[SourceTitle "playchess.com"]
[Source "ChessBase"]
[SourceQuality "1"]
[TimeControl "40/6000:2400+30"]

1. d4 Nf6 2. c4 e6 3. Nf3 Bb4+ 4. Nbd2 O-O 5. a3 Be7 6. e4 d6 7. Be2 Nbd7 8. Qc2 e5 {[%emt 0:00:00] White is slightly better.} 9. Nb1 a5 10. Nc3 a4 11. O-O Re8 12. dxe5 ({But not} 12. Nxa4 exd4 13. Nxd4 Nxe4 $11) 12... dxe5 13. Rd1 Bd6 ({Black should play} 13... c6) 14. Bg5 {[%emt 0:09:38] White is more active.} (14. Nxa4 $16 {Strongly threatening c5.} b6 15. Be3) 14... Nc5 $11 15. Nd5 Be6 (15... Ncxe4 $2 {is the wrong capture.} 16. Nxf6+ Nxf6 17. c5 $18) 16. Bh4 {[%emt 0:15:23] Weighted Error Value: White=0.20 (precise) /Black=0.14 (very precise) .  Mistake:       	White=1     	Black=1      Inaccurate:     	---       	Black=1      OK:         	White=5     	Black=5} 1/2-1/2

[Event "Fagernes GM Open Autumn 2024"]
[Site "Fagernes"]
[Date "2024.10.12"]
[Round "8.3"]
[White "Stremavicius, Titas"]
[Black "Ghasi, Ameet K"]
[Result "1/2-1/2"]
[ECO "B07"]
[WhiteElo "2541"]
[BlackElo "2503"]
[Annotator "TA"]
[PlyCount "96"]
[EventDate "2024.10.03"]
[EventType "swiss"]
[EventCountry "NOR"]
[SourceTitle "playchess.com"]
[Source "ChessBase"]
[SourceQuality "1"]
[TimeControl "40/6000:2400+30"]

1. d4 Nf6 2. Nf3 g6 3. Nbd2 Bg7 4. e4 O-O 5. Bd3 d6 6. O-O Nc6 7. c3 e5 8. Re1 a5 9. a4 exd4 10. Nxd4 Re8 {[%emt 0:14:29] The position is equal.} 11. h3 Nd7 12. N2b3 Nb6 13. Bf4 Ne5 14. Bf1 Bd7 15. Nd2 c6 16. Bg3 Bc8 17. Qc2 Qc7 18. Rad1 Qe7 19. Qb3 (19. f4 $16 Ned7 20. Nc4) 19... Nbd7 $14 20. Qa3 {[%emt 0:12:03] And now f4 would win.} Nc5 21. f4 Ned3 22. Re3 Nb4 23. N2f3 (23. cxb4 $2 axb4 24. Qxb4 Rxa4 $19) (23. Re2 $5) 23... Nd5 24. Ree1 (24. Bh4 Qc7 (24... Nxe3 25. Bxe7 Nxd1 26. e5 $14) 25. Ree1 (25. Nb5 $2 cxb5 26. Rxd5 b4 $17) 25... Rxe4 (25... Nxf4 26. Bg3 $11) (25... Nxe4 26. c4 $17) 26. Rxe4 Nxe4 $17) 24... Nxe4 {[%emt 0:06:14] [#]} 25. Rxe4 $1 Qxe4 26. Re1 {[%emt 0:00:00] Dodges Qe3+} Ne3 {[%emt 0:00:00] Hoping for ...Bf5.} 27. Bf2 (27. Nd2 $5 Qd5 28. Nc4 $16) 27... Qxf4 28. Nc2 {[%emt 0:00:11][%cal Rf2e3] [#]} Bxh3 $1 29. Bxe3 Qg3 {[%emt 0:00:00] ...Bg4 would now be deadly.} 30. Bf2 {[%emt 0:00:00] Chess con chili.} Qf4 31. Be3 Qg3 32. Bf2 Qf4 33. Be3 Rxe3 34. Rxe3 Bf5 {[%emt 0:00:00] This pair of bishops is nice.} 35. Bd3 Bxd3 36. Rxd3 Qc1+ 37. Nce1 Re8 {[%emt 0:00:00][%mdl 1024] Black has compensation.} 38. Kf1 Be5 $36 {[%emt 0:00:14][%cal Bg7e5,Be5f4,Bf4e3][%mdl 2080] Black is more active.} 39. Kf2 {[%emt 0:03:01] Repels Bg3+} Bf4 40. Qb3 $1 Be3+ 41. Kf1 {[%emt 0:42:46][%cal Od3d1] Black must now prevent Rd1!} Bc5 $1 {[%emt 0:05:55] Threatens to win with ...Qh6.} 42. Qxb7 (42. Rd1 $15 Re2 43. Rxc1 (43. Kxe2 $2 {gets mated.} Qe3+ 44. Kf1 Qf2#) 43... Rf2+ 44. Kg1 Rxb2+ (44... Rxf3+ $2 45. Kh2 $18) 45. Kf1 Rxb3 46. Nd3) 42... Qh6 $17 {[%emt 0:03:02] ( -> ...Qh1+)} 43. Rd4 Bxd4 44. cxd4 Qe3 (44... Qc1 $17 {Strongly threatening ...Qc4+.} 45. b3 Qc3) 45. Qxc6 $15 Qe2+ 46. Kg1 Qe3+ (46... g5 $5 47. Nd3 (47. Qxd6 g4 $17) 47... Re6 48. Qc8+ Kg7 $17) 47. Kf1 Qe2+ 48. Kg1 Qe3+ {[%emt 0:08:52] Weighted Error Value: White=0.12 (very precise) /Black=0.15 (very precise) .  Mistake:       	White=2     	Black=2      Inaccurate:     	White=6     	Black=3      OK:         	White=13    	Black=15     Best:        	White=7     	Black=4      Strong:       	White=1     	Black=1      Brilliant:      	White=1     	---} (48... g5 $1 $15 49. Nd3 (49. Qxd6 g4 $17) 49... Re6 50. Qc8+ Kg7) 1/2-1/2

[Event "Fagernes GM Open Autumn 2024"]
[Site "Fagernes"]
[Date "2024.10.12"]
[Round "8.4"]
[White "Bazakutsa, Svyatoslav"]
[Black "Amar, Elham"]
[Result "0-1"]
[ECO "B38"]
[WhiteElo "2483"]
[BlackElo "2540"]
[Annotator "TA"]
[PlyCount "148"]
[EventDate "2024.10.03"]
[EventType "swiss"]
[EventCountry "NOR"]
[SourceTitle "playchess.com"]
[Source "ChessBase"]
[SourceQuality "1"]
[TimeControl "40/6000:2400+30"]

1. c4 Nf6 2. Nc3 g6 3. e4 d6 4. d4 Bg7 5. Nf3 O-O 6. h3 c5 7. Be3 cxd4 8. Nxd4 Nc6 {[%emt 0:02:00] 8...Nc6 is better than 8...b6.} 9. Be2 Nxd4 {[%emt 0:10:20] B38: Sicilian: Maroczy Bind with 5...Bg7 and 7...0-0.} 10. Bxd4 Be6 11. O-O a6 12. Qc2 Rc8 13. b3 Qa5 14. Qb2 $146 ({Predecessor:} 14. a4 d5 15. b4 Qd8 16. exd5 Bxd5 17. cxd5 Nxd5 18. Bxg7 Kxg7 19. Ra3 Qc7 20. Qb2 {1-0 Pham,K (2128)-Petrovic,A (1736) EU-ch Online U16 rapid 2020 (6)}) 14... Bxh3 15. Nd5 Nxd5 16. Bxg7 Nf4 17. Bh6 Qe5 18. Qxe5 Nxe2+ 19. Kh2 dxe5 20. Bxf8 Bxg2 21. Kxg2 Kxf8 22. Rad1 Ke8 23. Rd2 Nf4+ 24. Kg3 Ne6 25. Rfd1 f6 26. Kg2 h5 27. f3 Rc7 28. Kg3 g5 29. Rh1 h4+ 30. Kg4 Nd4 31. f4 gxf4 32. Rxh4 Kf7 33. Rh8 {[%emt 0:01:37] [#]} b5 $1 34. Rdh2 $2 (34. Rd3 $17) 34... bxc4 $19 35. bxc4 Rxc4 36. R2h7+ Ke6 37. Rb8 Nc6 38. Rb6 a5 39. Rh2 Kd6 40. Kf5 Kc7 41. Rhb2 f3 42. Rb7+ Kd6 43. Rd2+ $2 (43. Kg4 {was worth a try.}) 43... Nd4+ $19 44. Kg4 e6 45. Ra7 (45. Rb6+ $142 Kc5 46. Rb7) 45... f5+ $19 46. exf5 exf5+ 47. Kg3 Ra4 48. Rf7 Ke6 49. Rf8 f4+ 50. Kg4 Kd5 51. Re8 Ke4 52. Rh2 Rc4 53. Rh5 Nc6 54. Rh1 Rc2 55. Rf1 Nd4 56. Rb8 Nf5 57. Kh3 Ne3 58. Rh1 f2 59. Rbb1 Rxa2 60. Kh4 f1=Q 61. Rhxf1 Nxf1 62. Rxf1 Rh2+ 63. Kg5 f3 64. Kg4 Rg2+ 65. Kh3 Kf4 66. Ra1 Rg8 67. Kh2 f2 68. Ra4+ e4 69. Rxa5 f1=R 70. Ra7 Kf3 71. Rf7+ Ke2 72. Ra7 e3 73. Ra2+ Kf3 74. Ra7 Rh8+ 0-1

[Event "Fagernes GM Open Autumn 2024"]
[Site "Fagernes"]
[Date "2024.10.12"]
[Round "8.5"]
[White "Urkedal, Frode Olav Olsen"]
[Black "Aizenberg, Benny"]
[Result "1-0"]
[ECO "D78"]
[WhiteElo "2559"]
[BlackElo "2423"]
[Annotator "TA"]
[PlyCount "147"]
[EventDate "2024.10.03"]
[EventType "swiss"]
[EventCountry "NOR"]
[SourceTitle "playchess.com"]
[Source "ChessBase"]
[SourceQuality "1"]
[TimeControl "40/6000:2400+30"]

1. d4 Nf6 2. c4 g6 3. g3 c6 4. Nf3 Bg7 5. Bg2 O-O 6. O-O d5 7. Qa4 Nbd7 8. cxd5 {[%emt 0:00:00] D78: Fianchetto Grünfeld: 6 0-0 c6.} Nb6 9. Qd1 cxd5 10. b3 Bf5 11. Nc3 Rc8 12. Bb2 Ne4 13. Rc1 Nxc3 14. Bxc3 Be4 15. Bh3 $146 ({Predecessor:} 15. Ne1 Bh6 16. Bd2 Bg7 17. Bc3 Bxg2 18. Kxg2 Nd7 19. Nf3 Qb6 20. Qd3 Rc6 21. Bb2 {½-½ Iagar,R (2141)-Orfali,M (2040) Madrid Codes Memorial 3rd 2009 (6)}) 15... e6 16. Ne5 h5 17. Bb4 Re8 18. Qd2 Bf5 19. Bg2 Rxc1 20. Rxc1 Qb8 21. h3 f6 22. Nf3 g5 23. h4 g4 24. Ne1 Rc8 25. Rxc8+ Qxc8 26. Nd3 Bxd3 27. Qxd3 f5 (27... Qc1+ 28. Bf1 Qc7 29. Ba5 $11 (29. Qg6 Qf7 $16)) 28. Qe3 Kh7 29. Bf1 Bh6 30. Qe5 Bg7 31. Qd6 Qd7 32. Qb8 a6 33. e3 Nc8 34. a4 Bf6 35. Bc5 Be7 36. b4 Bd6 37. Qa8 Qc7 38. b5 axb5 39. axb5 b6 40. Bxd6 Nxd6 41. Qf8 Ne4 42. Bg2 Nd6 43. Kh2 Qd7 $1 44. Bf1 Ne4 45. Kg2 Nd6 46. Bd3 Qc7 47. Qf6 Qd7 $1 48. Qg5 Qe8 $1 49. Qf6 Qd7 50. Qf8 Qc7 51. Kh2 Qd7 $1 52. Kg1 Qc7 53. Kg2 Qd7 54. Be2 Qc7 55. Qf6 Qd7 $1 56. Bd3 Ne4 $2 (56... Qe8 $11) 57. Bxe4 $18 fxe4 58. Qf8 Kg6 59. Qg8+ Qg7 60. Qxe6+ Qf6 61. Qg8+ Kh6 62. Qxd5 Qf3+ 63. Kg1 Qd1+ 64. Kh2 Qf1 65. Qg5+ (65. Qxe4 Qxf2+ 66. Qg2 Qxe3 $11) 65... Kh7 66. Qxh5+ Kg7 67. Qxg4+ Kh8 68. Qf5 Kg8 69. h5 Kg7 70. Qg6+ Kf8 71. Qf6+ Ke8 72. h6 Qd1 73. h7 ({Inferior is} 73. Qxb6 Qh5+ 74. Kg2 Qf3+ 75. Kg1 Qd1+ 76. Kg2 Qf3+ 77. Kh2 (77. Kg1 Qd1+ 78. Kg2 Qf3+ $11) 77... Qh5+ 78. Kg2 Qf3+ $11) 73... Qh5+ 74. Qh4 1-0